 Dungeon Crawl Stone Soup version 0.26-a0-962-g9b92081034 (webtiles) character file.

Game seed: 8762112189180918267

52 Descartes the Chucker (level 3, -6/33 HPs)
             Began as a Troll Hunter on Dec 2, 2020.
             Killed from afar by an orc wizard (9 damage)
             ... with a magic dart
             ... on level 2 of the Dungeon.
             The game lasted 00:01:24 (1299 turns).

Descartes the Chucker (Troll Hunter)                Turns: 1299, Time: 00:01:25

Health: -6/33      AC:  6    Str: 21    XL:     3   Next: 60%
Magic:  2/2        EV: 10    Int:  7    God:
Gold:   104        SH:  0    Dex: 10    Spells: 2/2 levels left

rFire    . . .     SeeInvis .     - Unarmed
rCold    . . .     Faith    .   (no shield)
rNeg     . . .     Spirit   .   b - +0 robe
rPois    .         Reflect  .   (helmet restricted)
rElec    .         Harm     .   (no cloak)
rCorr    .         Rampage  .   (gloves unavailable)
MR       .....                  (boots unavailable)
Stlth    +.........             (no amulet)
HPRegen  0.51/turn              (no ring)
MPRegen  0.08/turn              (no ring)

@: no status effects
A: large, unfitting armour, claws 3, regeneration 1, shaggy fur 1, tough skin 3
a: no special abilities


You were on level 2 of the Dungeon.
You visited 1 branch of the dungeon, and saw 2 of its levels.

You collected 104 gold pieces.

Inventory:

Missiles
 c - 5 large rocks (quivered)
 d - 2 throwing nets
 f - 45 stones
 j - 48 poisoned darts
Armour
 b - a +0 robe (worn)
Jewellery
 e - a +6 ring of dexterity {unknown}
 o - an uncursed ring of ice {unknown}
Scrolls
 a - 4 scrolls of identify {unknown}
 g - a scroll of fog {unknown}
 h - 2 scrolls of teleportation {unknown}
 k - a scroll of amnesia {unknown}
 l - a scroll of random uselessness {unknown}
Potions
 i - 3 potions of curing {unknown}
 m - a potion of degeneration {unknown}
 n - a potion of cancellation {unknown}


   Skills:
 - Level 1.5 Fighting
 - Level 3.6 Throwing
 - Level 1.5 Dodging
 - Level 0.3 Stealth
 + Level 3.3 Unarmed Combat


You had 2 spell levels left.
You didn't know any spells.
Your spell library was empty.

Dungeon Overview and Level Annotations

Branches:
Dungeon (2/15)

Altars:
The Shining One

Annotations:
D:2 Jessica


Innate Abilities, Weirdness & Mutations

You are too large for most types of armour.
You have claws for hands.
Your natural rate of healing is unusually fast.
You are covered in fur. (AC +1)
You have extremely tough skin. (AC +3)


Message History

You miss something. The orc closely misses you.
The orc hits you from afar with a +0 trident of freezing.
The orc freezes you.
You completely miss something.
You hear some strange, mumbled words.
Something tries to affect you, but you resist.
The orc barely misses you.
You hear some strange, mumbled words.
Something tries to affect you, but you resist.
A magic dart appears from out of thin air!
The magic dart hits you!
* * * LOW HITPOINT WARNING * * *
Jessica casts a spell at you.
Something writhes in agony!
A puff of flame appears from out of thin air!
The puff of flame hits you.
* * * LOW HITPOINT WARNING * * *
A magic dart appears from out of thin air!
The magic dart hits you!
You die...

########.####
#oo.@..)....# ###
#@#.##.#.##.... ..
#.#.##.#.# # #.
#.#....#.# #.
#.####.#.@ #.
#{####.###############.
#......# #..........##.
######@###.......##.##.
#..............##.##.
#.##.##........##.##.
#....##........##.##.
#.#####........##.##.
#.................##.
#.############.#####.
#.# #.# #. #.#
####.#####.


There were no monsters in sight!

Vanquished Creatures
  2 adders (D:2)
  A dart slug (D:2)
  2 orcs (D:2)
  5 bats (D:1)
  2 giant cockroaches
  2 goblins (D:1)
  5 hobgoblins
  2 kobolds
  3 frilled lizards
  6 rats
30 creatures vanquished.

Notes
Turn   | Place    | Note
-------+----------+-------------------------------------------
     0 | D:1      | Descartes the Troll Hunter began the quest for the Orb.
     0 | D:1      | Reached XP level 1. HP: 19/19 MP: 0/0
    17 | D:1      | Reached skill level 1 in Unarmed Combat
   159 | D:1      | Reached XP level 2. HP: 27/27 MP: 1/1
   989 | D:2      | Found a glowing golden altar of the Shining One.
  1122 | D:2      | Reached XP level 3. HP: 31/33 MP: 2/2
  1275 | D:2      | Noticed Jessica
  1299 | D:2      | Killed from afar by an orc wizard

Illustrated notes

Levels and vault maps discovered:
D:1:      matt_arrival_grand_opening, layout_basic,
          minmay_misc_feat_four_crosses
D:2:      layout_loops_cross, lemuel_round_altar,
          minmay_randomly_rotated_circles, uniq_jessica

Skill      XL: |  1  2  3 |
---------------+----------+-----
Unarmed Combat | 1 2 3 |  3.3
Fighting       | |  1.5
Throwing       | |  3.6
Dodging        | |  1.5
Stealth        | |  0.3

Action                   || total
-------------------------++-------
Melee: Unarmed           ||    70
       Short sword       ||     8
       Punch             ||     1
Armor: Robe              ||    40
Dodge: Dodged            ||    60

Table legend: (Time is in decaauts)
 A = Elapsed time spent in this place.
 B = Non-inter-level travel time spent in this place.
 C = Inter-level travel time spent in this place.
 D = Time resting spent in this place.
 E = Time spent auto-exploring this place.
 F = Levels seen in this place.
 G = Mean time per level.
                   A        B        C        D        E       F      G
               +--------+--------+--------+--------+--------+-----+--------+
         Total |   1296 |   1293 |      3 |      0 |   1114 |   2 |  648.0 |
       Dungeon |   1296 |   1293 |      3 |      0 |   1114 |   2 |  648.0 |
               +--------+--------+--------+--------+--------+-----+--------+

Top non-repeatable levels by time:
     D:1: 732 daAuts
     D:2: 564 daAuts
